 Dungeon Crawl Stone Soup version 0.29-a0-473-gacb4ef3bc5 (webtiles) character file.

Game seed: 12632602998975515545

39 101zpm the Magician (level 3, -1/25 HPs)
             Began as a Djinni Fire Elementalist on May 23, 2022.
             Slain by an orc priest
             ... wielding a +0 hand axe
              (7 damage)
             ... on level 3 of the Dungeon.
             The game lasted 00:01:43 (782 turns).

101zpm the Magician (Djinni Fire Elementalist)       Turns: 782, Time: 00:01:43

Health: -1/25      AC:  2    Str:  7    XL:     3   Next: 70%
Gold:   27         EV: 12    Int: 18    God:
                   SH:  0    Dex: 13

rFire   + + .      SeeInvis .   (no weapon)
rCold   x . .      Faith    .   (no shield)
rNeg    . . .      Spirit   .   a - +0 robe
rPois   ∞          Reflect  .   (no helmet)
rElec   .          Harm     .   (no cloak)
rCorr   .          Rampage  .   (no gloves)
Will    .....                   (boots unavailable)
Stlth   ++........              (no amulet)
HPRegen 0.08/turn               (no ring)
MPRegen 0.00/turn               (no ring)

@: flying, very slightly contaminated
A: sickness immunity, fire resistance 2, cold vulnerability 1, float, innate
caster, HP casting, extra vitality 1
a: no special abilities


You were on level 3 of the Dungeon.
You visited 1 branch of the dungeon, and saw 3 of its levels.

You collected 27 gold pieces.

Inventory:

Armour
 a - a +0 robe (worn)
Scrolls
 d - 2 scrolls of magic mapping {unknown}
 e - a scroll of immolation {unknown}
 f - a scroll of identify {unknown}
 g - a scroll of noise {unknown}
 h - a scroll of brand weapon {unknown}
Potions
 b - a potion of curing {unknown}
 c - a potion of might {unknown}
 i - a potion of attraction {unknown}


   Skills:
 + Level 2.4 Dodging
 + Level 1.8 Stealth
 + Level 3.2 Spellcasting


You couldn't memorise any spells.
You knew the following spells:

 Your Spells              Type           Power      Damage    Failure   Level
a - Foxfire               Conj/Fire      56%        2x1d6     4%          1
b - Scorch                Fire           28%        2d6       6%          2
c - Conjure Flame         Conj/Fire      14%        6-21      12%         3
d - Inner Flame           Hex/Fire       14%        N/A       12%         3
e - Flame Wave            Conj/Fire      14%        2d6       38%         4
f - Freeze                Ice            56%        1d7       4%          1
Your spell library was empty.

Dungeon Overview and Level Annotations

Branches:
Dungeon (3/15)

Altars:


Innate Abilities, Weirdness & Mutations

You are immune to sickness and miasma.
You are immune to poison.
Your flesh is very heat resistant. (rF++)
You are vulnerable to cold. (rC-)
You float through the air rather than walking.
You learn spells naturally, not from books.
Your magical power is your life essence.
You have superior vitality. (+4 MHP)


Message History

You conjure some foxfire!
The foxfire hits something. x2
You conjure some foxfire!
The foxfire hits something but does no damage. x2
You hear some strange, mumbled words.
Something tries to affect you, but you resist.
Casting: Foxfire (safe; 6% risk of failure)
Confirm with . or Enter, or press ? or * to list all spells.
You can't see any susceptible monsters within range! (Use Z to cast anyway.)
Casting: Foxfire (safe; 6% risk of failure)
Confirm with . or Enter, or press ? or * to list all spells.
Flames lash something.
The foxfire hits something.
Reactivating autopickup.
You feel a bit more experienced.
The foxfire hits the orc but does no damage.
Your Spellcasting skill increases to level 3!
You have reached level 3!
Your experience leads to an increase in your attributes!
Increase (S)trength, (I)ntelligence, or (D)exterity?
Uppercase letters only, please.
You feel clever. x2
The power to cast Freeze wells up from within.
Spell assigned to 'f'.
Casting: Scorch (safe; 6% risk of failure)
Confirm with . or Enter, or press ? or * to list all spells.
You miscast Scorch.
Nothing appears to happen.
Casting: Scorch (safe; 6% risk of failure)
Confirm with . or Enter, or press ? or * to list all spells.
Flames lash the orc priest.
The orc priest is heavily wounded.
The orc priest's fire resistance burns away.
Casting: Scorch (safe; 6% risk of failure)
Confirm with . or Enter, or press ? or * to list all spells.
Flames lash the orc.
You kill the orc!
Casting: Scorch (safe; 6% risk of failure)
Confirm with . or Enter, or press ? or * to list all spells.
Flames lash the orc priest but do no damage.
* * * LOW HITPOINT WARNING * * *
The orc priest hits you with a +0 hand axe!
You die...

#...<# # #..# #(#### #.
#..# #.# #.###..# #.#
##......# #.# ........#
#.#### # ..).....#
#.##.## #
.#...)..######.#...####.
...)).o@..............+.
.#......####.#.#...####.
##.....# #.#.#..## ##
........# #.#.#.## #
.###..### #.#...# ....
#.....# ###.# ####.#. #.
.#.


You could see an orc priest (combustible).

Vanquished Creatures
  An orc wizard (D:3)
  A worm (D:2)
  3 orcs (D:3)
  2 endoplasms
  A frilled lizard (D:2)
  2 goblins (D:2)
10 creatures vanquished.

Vanquished Creatures (others)
  36 foxfires
36 creatures vanquished.

Grand Total: 46 creatures vanquished

Notes
Turn   | Place    | Note
-------+----------+-------------------------------------------
     0 | D:1      | 101zpm the Djinni Fire Elementalist began the quest for the
                  | Orb.
     0 | D:1      | Reached XP level 1. HP: 15/15 MP: 0/0
   432 | D:2      | Reached XP level 2. HP: 17/21 MP: 0/0
   779 | D:3      | Reached skill level 3 in Spellcasting
   779 | D:3      | Reached XP level 3. HP: 14/25 MP: 0/0
   779 | D:3      | Learned a level 1 spell: Freeze
   782 | D:3      | Slain by an orc priest

Illustrated notes

Levels and vault maps discovered:
D:1:      lightli_arrival_chessboard, layout_basic
D:2:      layout_loops_ring, shapermc_ecumenical_altar_ellora
D:3:      layout_loops_corners

Skill      XL: |  1  2 |
---------------+-------+-----
Spellcasting   | 3 |  3.2
Dodging        | |  2.4
Stealth        | |  1.8

Action                   || total
-------------------------++-------
 Cast: Foxfire           ||    24
       Scorch            ||     4
Dodge: Dodged            ||     1

Table legend: (Time is in decaauts)
 A = Elapsed time spent in this place.
 B = Non-inter-level travel time spent in this place.
 C = Inter-level travel time spent in this place.
 D = Time resting spent in this place.
 E = Time spent auto-exploring this place.
 F = Levels seen in this place.
 G = Mean time per level.
                   A        B        C        D        E       F      G
               +--------+--------+--------+--------+--------+-----+--------+
         Total |    781 |    775 |      6 |    142 |    565 |   3 |  260.3 |
       Dungeon |    781 |    775 |      6 |    142 |    565 |   3 |  260.3 |
               +--------+--------+--------+--------+--------+-----+--------+

Top non-repeatable levels by time:
     D:2: 454 daAuts
     D:3: 268 daAuts
     D:1: 58 daAuts
